 Dungeon Crawl Stone Soup version 0.27-a0-774-g3e622ea735 (webtiles) character file.

Game seed: 8540572867191806504

243 Dreamer the Changer (level 6, -4/38 HPs)
             Began as an Octopode Transmuter on Mar 24, 2021.
             Slain by Terence
             ... wielding a +0 mace
              (10 damage)
             ... on level 3 of the Dungeon on Mar 25, 2021.
             The game lasted 00:15:50 (4423 turns).

Dreamer the Changer (Octopode Transmuter)           Turns: 4423, Time: 00:15:50

Health: -4/38      AC:  1    Str:  9    XL:     6   Next: 9%
Magic:  9/9        EV: 13    Int: 17    God:
Gold:   216        SH:  0    Dex: 13    Spells: 1/9 levels left

rFire    . . .     SeeInvis .   h - +2 short sword (venom)
rCold    . . .     Faith    .   (no shield)
rNeg     . . .     Spirit   .   (helmet restricted)
rPois    .         Reflect  .   (no amulet)
rElec    .         Harm     .   (no ring)
rCorr    .         Rampage  .   (no ring)
Will     .....                  (no ring)
Stlth    +++.......             (no ring)
HPRegen  0.12/turn              (no ring)
MPRegen  0.11/turn              (no ring)
                                (no ring)
                                (no ring)

@: no status effects
A: almost no armour, amphibious, 8 rings, camouflage 1, gelatinous body 1,
nimble swimmer 1, tentacles
a: no special abilities


You were on level 3 of the Dungeon.
You visited 1 branch of the dungeon, and saw 6 of its levels.

You collected 216 gold pieces.

Inventory:

Hand Weapons
 h - a +2 short sword of venom (weapon)
Magical Staves
 k - a staff of poison
Jewellery
 d - an amulet of magic regeneration
 j - an amulet of faith
Scrolls
 a - 2 scrolls of teleportation {unknown}
 b - 6 scrolls of identify {unknown}
 g - a scroll of summoning {unknown}
 i - 3 scrolls of holy word {unknown}
Potions
 c - 2 potions of curing {unknown}
 e - 2 potions of might {unknown}
 f - 2 potions of heal wounds {unknown}
 l - a potion of haste {unknown}


   Skills:
 - Level 1.0 Fighting
 - Level 2.4 Dodging
 - Level 2.0 Stealth
 - Level 3.0 Unarmed Combat
 - Level 2.0 Spellcasting
 * Level 4.5 Transmutations
 * Level 3.1 Ice Magic


You had one spell level left.
You knew the following spells:

 Your Spells              Type           Power      Damage    Failure   Level
a - Beastly Appendage     Tmut           34%        N/A       3%          1
b - Spider Form           Tmut/Pois      4%         N/A       22%         3
c - Ice Form              Ice/Tmut       14%        N/A       36%         4

Your spell library contained the following spells:

 Spells                   Type           Power      Damage    Failure   Level
 Wereblood                Tmut           17%        N/A       4%          2
 Confusing Touch          Hex            1%         N/A       50%         3
 Gell's Gravitas          Tloc           0%         N/A       50%         3
 Petrify                  Tmut/Erth      9%         N/A       58%         4
 Blade Hands              Tmut           8%         N/A       63%         5
 Yara's Violent Unravell  Hex/Tmut       4%         3d4       91%         5
 Metabolic Englaciation   Hex/Ice        3%         N/A       95%         5


Dungeon Overview and Level Annotations

Branches:
Dungeon (6/15)
 Temple: D:4-7

Altars:
Elyvilon
Makhleb
Qazlal
Trog
Wu Jian
The Shining One

Shops:
D:1 *   D:6 (

Annotations:
D:3 Terence
D:4 1 transporter, exclusion: orc
D:5 exclusion: ogre
D:6 Blork the orc, Maggie


Innate Abilities, Weirdness & Mutations

You cannot wear most types of armour.
You are amphibious.
You can wear up to eight rings at the same time.
Your skin changes colour to match your surroundings (Stealth+).
Your rubbery body absorbs attacks. (AC +1, EV +1)
You are stealthy while swimming. (Stealth+)
You have tentacles for arms and can constrict up to eight enemies at once.


Message History

You barely miss the adder. Your grab misses the adder.
The adder closely misses you.
You hit the adder. You grab the adder.
The adder is moderately wounded.
You constrict the adder. The adder misses you.
You hit the adder. You squeeze the adder.
The adder is heavily wounded.
You constrict the adder. The adder bites you.
You are poisoned.
The adder poisons you! The adder bites you.
You hit the adder.
The adder is almost dead.
You constrict the adder.
You kill the adder!
You feel very sick.
You start resting.
You feel sick. x3
You are no longer poisoned.
You start resting.
Terence is nearby!
You start resting.
Terence is nearby!
Terence is nearby!
You start resting.
Terence is nearby!
Terence shouts!
Terence hits you with a +0 mace!
You barely miss Terence. Your grab misses Terence. Your squeeze misses Terence.
Terence hits you with a +0 mace.
You hit Terence.
Terence is poisoned.
Your grab misses Terence. You squeeze Terence.
Terence is moderately wounded.
Terence hits you with a +0 mace!
Terence throws a stone.
The stone hits you.
Terence throws a stone.
The stone hits you.
* * * LOW HITPOINT WARNING * * *
Found a silvery potion.
Terence throws a stone.
The stone hits you.
* * * LOW HITPOINT WARNING * * *
Terence hits you with a +0 mace!
You die...

#.###'###.###...
.. #.# #.# #.#
.....
#.###.###)##
.#..
#........†.# >..
######.....# #.#
.#
##....###.###..#
#.>.###.......#
#.....@.......#
####)@#.####.#
######..#.##
#..÷.......#
#.###......###.
#.# #..........
#.# #.#.#..#..#
#†###.#.#..#..!.
#.....#.#.....##
##.#............


You could see Terence (poisoned).

Vanquished Creatures
  3 hounds (D:4)
  2 iguanas (D:4)
  2 adders (D:3)
  A white imp (D:6)
  An ufetubus (D:6)
  An adder zombie (D:2)
  2 adder skeletons
  An orc (D:4)
  2 bats
  A bat skeleton (D:2)
  5 endoplasms
  A giant cockroach (D:3)
  4 goblins
  4 hobgoblins
  7 quokkas
  7 ball pythons
  3 frilled lizards
  2 giant cockroach zombies
  A jackal skeleton (D:4)
  4 kobolds
  9 rats
63 creatures vanquished.

Vanquished Creatures (others)
  A withered plant (D:2)
1 creature vanquished.

Grand Total: 64 creatures vanquished

Notes
Turn   | Place    | Note
-------+----------+-------------------------------------------
     0 | D:1      | Dreamer the Octopode Transmuter began the quest for the
                  | Orb.
     0 | D:1      | Reached XP level 1. HP: 13/13 MP: 3/3
   221 | D:1      | Found Voulateq's General Store.
   240 | D:1      | Reached XP level 2. HP: 16/18 MP: 5/5
   305 | D:1      | Reached skill level 1 in Stealth
  1172 | D:2      | Reached XP level 3. HP: 22/23 MP: 6/6
  1217 | D:2      | Found a burning altar of Makhleb.
  1840 | D:2      | Reached skill level 3 in Transmutations
  2442 | D:3      | Learned a level 3 spell: Spider Form
  2703 | D:3      | Reached XP level 4. HP: 23/28 MP: 7/7
  2755 | D:3      | You fall into a shaft and drop 3 floors!
  2755 | D:6      | Upgraded the game from 0.27-a0-752-gc3205288ea to
                  | 0.27-a0-767-g00efbec225
  2755 | D:6      | Upgraded the game from 0.27-a0-767-g00efbec225 to
                  | 0.27-a0-774-g3e622ea735
  2774 | D:6      | Reached skill level 1 in Ice Magic
  2871 | D:6      | Noticed Blork the orc
  2881 | D:6      | Found Dappib's Antique Weapon Boutique.
  3278 | D:6      | Noticed Maggie
  3286 | D:5      | Entered Level 5 of the Dungeon
  3449 | D:5      | Noticed an ogre
  3484 | D:5      | Found a bloodstained altar of Trog.
  3485 | D:5      | Found a glowing golden altar of the Shining One.
  3547 | D:4      | Identified the +7 long sword "Qutiugo" {freeze, rC- Will+
                  | Dex+6}
  3582 | D:4      | Found a white marble altar of Elyvilon.
  3611 | D:4      | Found an ornate altar of the Wu Jian Council.
  3616 | D:4      | Noticed a spectral centipede
  3616 | D:4      | Noticed a spectral black mamba
  3616 | D:4      | Noticed a spectral cane toad
  3625 | D:4      | Reached XP level 5. HP: 14/33 MP: 8/8
  3629 | D:4      | Reached skill level 4 in Transmutations
  4185 | D:4      | Found a transporter.
  4188 | D:4      | Noticed a fire bat
  4188 | D:4      | Noticed a fire bat
  4189 | D:4      | Noticed a fire bat
  4255 | D:4      | Reached XP level 6. HP: 38/38 MP: 9/9
  4266 | D:4      | Learned a level 4 spell: Ice Form
  4310 | D:3      | Noticed Terence
  4321 | D:3      | Found a stormy altar of Qazlal.
  4423 | D:3      | Slain by Terence

Illustrated notes

Levels and vault maps discovered:
D:1:      lemuel_arrival_lava_pool, layout_loops_ring, serial_shops, shop
D:2:      layout_basic, general_overflow_altar, serial_undead, serial_undead_b,
          serial_undead_c, serial_undead_c, serial_undead_e, grunt_ministairs_2,
          chequers_serial_rivers_small_b
D:3:      layout_loops_ring, lemuel_doored_altar, uniq_terence
D:4:      gammafunk_cloud_chamber, layout_loops_ring, elyvilon_altar_1,
          nemelex_xobeh_ov_fountains_minmay, pdpol_wu_jian_five_deadly_venoms,
          uniq_natasha
D:5:      layout_loops_cross, nicolae_overflow_hidden_temple, serial_shops,
          nicolae_shop_waterfront, basic_altar
D:6:      layout_loops_cross, minmay_temple_entry_slanted, serial_shops, shop,
          uniq_maggie, uniq_blork_the_orc

Skill      XL: |  1  2  3  4  5 |
---------------+----------------+-----
Stealth        | 1 2 |  2.0
Transmutations | 3 4 |  4.5
Ice Magic      | 2 3 |  3.1
Fighting       | |  1.0
Dodging        | |  2.4
Unarmed Combat | |  3.0
Spellcasting   | |  2.0

Action                   |  1- 3 |  4- 6 || total
-------------------------+-------+-------++-------
Melee: Unarmed           |    14 |       ||    14
       Constrict         |    28 |    13 ||    41
       Tentacles         |    16 |    18 ||    34
       Mace              |    20 |       ||    20
       Short sword       |    55 |    55 ||   110
 Stab: Sleeping          |     8 |     6 ||    14
       Distracted        |     1 |       ||     1
Armor: Skin              |     5 |     2 ||     7
Dodge: Dodged            |    42 |    28 ||    70

Table legend: (Time is in decaauts)
 A = Elapsed time spent in this place.
 B = Non-inter-level travel time spent in this place.
 C = Inter-level travel time spent in this place.
 D = Time resting spent in this place.
 E = Time spent auto-exploring this place.
 F = Levels seen in this place.
 G = Mean time per level.
                   A        B        C        D        E       F      G
               +--------+--------+--------+--------+--------+-----+--------+
         Total |   4439 |   4310 |    129 |   1201 |   2423 |   6 |  739.8 |
       Dungeon |   4439 |   4310 |    129 |   1201 |   2423 |   6 |  739.8 |
               +--------+--------+--------+--------+--------+-----+--------+

Top non-repeatable levels by time:
     D:2: 1519 daAuts
     D:1: 925 daAuts
     D:4: 813 daAuts
     D:6: 531 daAuts
     D:3: 439 daAuts
     D:5: 210 daAuts
